 Dungeon Crawl Stone Soup version 0.25-a0-424-g80bd347 (webtiles) character file.

Game seed: 480387466975277170, levelgen mode: deterministic

1632 15 the Conjurer (level 8, 0/46 HPs)
             Began as a Tengu Fire Elementalist on Jan 22, 2020.
             Slain by a wraith (10 damage)
             ... on level 6 of the Dungeon.
             The game lasted 00:28:06 (6125 turns).

15 the Conjurer (Tengu Fire Elementalist)           Turns: 6125, Time: 00:28:07

Health: 0/46       AC:  2    Str: 15    XL:     8   Next: 98%
Magic:  8/15       EV: 17    Int: 16    God:
Gold:   357        SH:  0    Dex: 15    Spells: 4/15 levels left

rFire    . . .     SeeInvis .   k - +1 flail (venom)
rCold    . . .     Gourm    .   (no shield)
rNeg     . . .     Faith    .   a - +0 robe
rPois    .         Spirit   .   (helmet restricted)
rElec    .         Reflect  .   (no cloak)
rCorr    .         Harm     .   (no gloves)
MR       .....                  (boots unavailable)
Stlth    ++........             (no amulet)
HPRegen  0.15/turn              (no ring)
MPRegen  0.14/turn              (no ring)

@: mighty, flying quickly and evasively, very slightly contaminated, slowed,
very slow
A: beak, talons 3, able to fly
a: Stop Flying


You were on level 6 of the Dungeon.
You were hungry.

You visited 1 branch of the dungeon, and saw 6 of its levels.
You also visited: Sewer.

You collected 357 gold pieces.

Inventory:

Hand Weapons
 e - a +0 flail of holy wrath
 k - a +1 flail of venom (weapon)
 p - a +2 short sword of venom
 r - a +1 dagger of speed
 y - a +0 vorpal mace
Armour
 a - a +0 robe (worn)
Jewellery
 f - an uncursed ring of ice
Wands
 n - a wand of enslavement (5)
Scrolls
 b - a scroll of random uselessness {unknown}
 d - a scroll of acquirement {unknown}
 g - 2 scrolls of teleportation
 i - a scroll of amnesia {unknown}
 j - 2 scrolls of enchant weapon
 m - a scroll of fear
 o - 3 scrolls of blinking
 q - a scroll of fog {unknown}
 s - 3 scrolls of remove curse
 t - 2 scrolls of magic mapping {unknown}
 w - a scroll of brand weapon {unknown}
Potions
 h - 5 potions of curing
 u - 5 potions of heal wounds
 v - 2 potions of brilliance
Comestibles
 c - 8 rations


   Skills:
 * Level 3.2 Fighting
 + Level 2.3 Short Blades
 + Level 0.5 Maces & Flails
 * Level 3.8 Armour
 * Level 4.4 Dodging
 + Level 3.5 Stealth
 + Level 4.1 Spellcasting
 * Level 6.6 Conjurations
 + Level 0.1 Hexes
 + Level 4.9 Fire Magic
 * Level 3.4 Evocations


You had 4 spell levels left.
You knew the following spells:

 Your Spells              Type           Power        Failure   Level  Hunger
a - Foxfire               Conj/Fire      ###.         1%          1    None
b - Conjure Flame         Conj/Fire      ###.....     4%          3    ###....
c - Inner Flame           Hex/Fire       ##......     19%         3    ###....
d - Sticky Flame          Conj/Fire      ###.....     16%         4    ####...

Your spell library contained the following spells:

 Spells                   Type           Power        Failure   Level  Hunger
 Fireball                 Conj/Fire      ###.......   41%         5    ######.


Dungeon Overview and Level Annotations

Branches:
Dungeon (6/15)              Sewer (visited)
 Temple: D:4-7

Altars:
Dithmenos
Okawaru
Uskayaw


Innate Abilities, Weirdness & Mutations

You have a beak for a mouth.
You have claws for feet.
You can fly continuously.


Message History

Your +1 flail of venom begins to drip with poison!
k - a +1 flail of venom (weapon)
The wraith barely misses you.
You feel very mighty all of a sudden. The wraith closely misses you.
You sock the wraith!
The wraith is heavily damaged.
The wraith hits you. The wraith drains your vigour!
You feel as though you will be slow longer.
The wraith barely misses you.
You hit the wraith but do no damage. You claw the wraith.
The wraith is heavily damaged.
The wraith hits you! x2
* * * LOW HITPOINT WARNING * * *
The wraith drains your vigour!
You feel as though you will be slow longer.
You sock the wraith!
The wraith is almost destroyed.
The wraith completely misses you. The wraith hits you!
You die...

#.....# #.##.# #.....#
#.##.# #.....####....#
#.....##....###
#....(##.#...)#
#.....##.#..#.#
#.....##.#..#.#
####.....##....#.######
.......@.......#.#....#
####...W.###..##.#.##.#
.............>.....##.#
########.###.########.#
#....)# #.# #..####
#.## #..###########...
#...)#........###
#....ยงยงยง.##......


You could see a wraith.

Vanquished Creatures
  A hungry ghost (D:6)
  A sky beast (D:5)
  4 ogres
  2 centaurs (D:5)
  Blork the orc (D:4)
  2 big kobolds (Sewer)
  2 bullfrogs (D:6)
  A water moccasin skeleton (D:6)
  A killer bee (D:6)
  A howler monkey (D:5)
  A crimson imp (D:5)
  A centaur skeleton (D:4)
  An orc wizard (D:5)
  2 orc priests (D:5)
  3 worker ants
  2 hound skeletons
  6 adders
  A shadow imp (D:5)
  3 oozes
  An adder zombie (D:6)
  4 worms
  4 dart slugs (D:1)
  2 leopard geckos
  16 orcs
  5 giant cockroaches
  14 goblins
  9 hobgoblins
  2 jackals (D:1)
  2 quokkas
  4 ball pythons
  5 bats
  7 frilled lizards
  18 kobolds
  A leopard gecko zombie (D:5)
  10 rats
  A plant (Sewer)
141 creatures vanquished.

Vanquished Creatures (collateral kills)
  An orc (D:5)
1 creature vanquished.

Vanquished Creatures (others)
  315 foxfires
315 creatures vanquished.

Grand Total: 457 creatures vanquished

Notes
Turn   | Place    | Note
-------+----------+-------------------------------------------
     0 | D:1      | 15 the Tengu Fire Elementalist began the quest for the Orb.
     0 | D:1      | Reached XP level 1. HP: 10/10 MP: 4/4
    44 | D:1      | Reached XP level 2. HP: 6/15 MP: 0/6
   419 | D:1      | Reached skill level 2 in Conjurations
   628 | D:1      | Reached skill level 1 in Armour
   628 | D:1      | Reached XP level 3. HP: 19/19 MP: 7/7
   800 | D:1      | Learned a level 3 spell: Conjure Flame
  1483 | D:2      | Reached XP level 4. HP: 18/24 MP: 1/8
  1489 | D:2      | Found an iron altar of Okawaru.
  1558 | D:2      | Learned a level 3 spell: Inner Flame
  2072 | D:3      | Reached skill level 1 in Fighting
  2108 | D:3      | Reached skill level 3 in Conjurations
  2793 | D:4      | Gained mutation: You can fly continuously. [Tengu growth]
  2793 | D:4      | Reached XP level 5. HP: 16/29 MP: 9/9
  2978 | D:4      | Found a glowing drain.
  3011 | Sewer    | Entered a sewer
  3191 | Sewer    | Noticed a big kobold
  3220 | Sewer    | Killed a big kobold
  3220 | Sewer    | Reached skill level 1 in Short Blades
  3220 | Sewer    | Reached skill level 1 in Evocations
  3220 | Sewer    | Reached XP level 6. HP: 32/34 MP: 2/10
  3560 | Sewer    | Reached skill level 4 in Conjurations
  3778 | D:4      | Noticed Blork the orc
  3786 | D:4      | Killed Blork the orc
  3842 | D:4      | Reached XP level 7. HP: 16/39 MP: 8/12
  4094 | D:4      | Learned a level 4 spell: Sticky Flame
  4681 | D:5      | Entered Level 5 of the Dungeon
  4878 | D:5      | Found a shadowy altar of Dithmenos.
  4917 | D:5      | Reached skill level 5 in Conjurations
  4917 | D:5      | Reached XP level 8. HP: 17/45 MP: 12/14
  5405 | D:5      | Found an iron altar of Okawaru.
  5456 | D:5      | Reached skill level 6 in Conjurations
  5726 | D:6      | Noticed a wraith
  5929 | D:6      | Found a hide-covered altar of Uskayaw.
  6125 | D:6      | Slain by a wraith

Levels and vault maps discovered:
D:1:      minmay_arrival_four_houses, layout_basic
D:2:      layout_basic, okawaru_altar_gauntlet_db, first_ration
D:3:      layout_loops_ring, chequers_serial_rivers_small_3,
          minmay_curled_crystal
D:4:      layout_cave_pods, cheibrodos_sewer_entry_drain, minmay_ogre_servants,
          uniq_blork_the_orc
D:5:      layout_loops_cross, kennysheep_little_box, basic_altar
D:6:      cheibrodos_fzero, layout_basic, overflow_temple_1_default,
          fedhas_altar_4

Skill      XL: |  1  2  3  4  5  6  7  8 |
---------------+-------------------------+-----
Conjurations   | 2 3 4 5 6 |  6.6
Armour         | 1 2 3 |  3.8
Fighting       | 1 2 3 |  3.2
Short Blades   | 1 2 |  2.3
Dodging        | 3 4 |  4.4
Fire Magic     | 4 |  4.9
Evocations     | 1 2 3 |  3.4
Stealth        | 3 |  3.5
Spellcasting   | 3 4 |  4.1
Maces & Flails | |  0.5
Hexes          | |  0.1

Action                   |  1- 3 |  4- 6 |  7- 9 || total
-------------------------+-------+-------+-------++-------
Melee: Dagger            |    53 |     2 |       ||    55
       Kick              |    11 |    20 |    16 ||    47
       Peck              |     9 |     9 |     8 ||    26
       Mace              |     8 |    43 |       ||    51
       Short sword       |       |    23 |    72 ||    95
       Flail             |       |     9 |     7 ||    16
 Cast: Foxfire           |    42 |    93 |    68 ||   203
       Inner Flame       |       |     1 |     2 ||     3
       Sticky Flame      |       |       |     3 ||     3
       Conjure Flame     |       |       |     1 ||     1
 Abil: Fly               |       |     1 |       ||     1
Evoke: Wand              |       |       |     1 ||     1
  Use: Scroll            |       |     8 |     1 ||     9
       Potion            |       |     4 |    10 ||    14
 Stab: Sleeping          |     5 |     3 |     3 ||    11
       Distracted        |       |       |     1 ||     1
  Eat: Chunk             |     2 |     9 |     4 ||    15
       Ration            |       |       |     1 ||     1
Armor: Robe              |    16 |    14 |     4 ||    34
       Skin              |       |    12 |       ||    12
Dodge: Dodged            |    57 |    65 |    54 ||   176

Table legend:
 A = Non-vault XP
 B = Vault XP
 C = Vault XP percentage of total XP
 D = Non-vault monster count
 E = Vault monster count
 F = Vault count percentage of total count
                 A         B        C        D         E       F
            +---------+---------+-------+---------+---------+-------
      Total |    1321 |    1011 |  43.4 |      92 |      49 |  34.8
            +---------+---------+-------+---------+---------+-------
        D:1 |      47 |       0 |   0.0 |      23 |       0 |   0.0
        D:2 |      38 |      13 |  25.5 |      12 |       6 |  33.3
        D:3 |      60 |       0 |   0.0 |      22 |       0 |   0.0
        D:4 |     254 |     236 |  48.2 |      11 |      12 |  52.2
        D:5 |     834 |       0 |   0.0 |      23 |       0 |   0.0
        D:6 |      88 |     526 |  85.7 |       1 |       7 |  87.5
      Sewer |       0 |     236 | 100.0 |       0 |      24 | 100.0
            +---------+---------+-------+---------+---------+-------
